 Dungeon Crawl Stone Soup version 0.31-a0-161-gb58dd9be76 (webtiles) character file.

Game seed: 15005963900204193810

343 Serulin the Sneak (level 6, 0/60 HPs)
             Began as a Gargoyle Delver on June 13, 2023.
             Slain by an iguana (7 damage)
             ... on level 4 of the Dungeon.
             The game lasted 00:06:44 (2505 turns).

Serulin the Sneak (Gargoyle Delver)                 Turns: 2505, Time: 00:06:44

Health: 0/60       AC: 23    Str: 17    XL:     6   Next: 57%
Magic:  6/6        EV:  2    Int: 11    God:
Gold:   188        SH:  0    Dex: 11    Spells: 5/5 levels left

rFire   . . .        a - +0 mace
rCold   . . .        (no shield)
rNeg    + . .        b - melded +0 leather armour
rPois   ∞            (helmet currently unavailable)
rElec   .            (cloak currently unavailable)
rCorr   .            (gloves currently unavailable)
SInv    .            (boots currently unavailable)
Will    .....        (no amulet)
Stlth   +++          (no ring)
HPRegen 0.30/turn    (no ring)
MPRegen 0.10/turn

%: no passive effects
@: tree-form
A: stationary, stasis, torment immunity, boosted hp, sickness immunity, AC +4,
negative energy resistance 1, (electricity resistance), torment resistance 1,
petrification resistance
a: no special abilities


You were on level 4 of the Dungeon.
You were a tree.
You visited 1 branch of the dungeon, and saw 5 of its levels.

You collected 188 gold pieces.

Inventory:

Hand Weapons
 a - a +0 mace (weapon)
Missiles
 i - 8 poisoned darts
Armour
 b - a +0 leather armour (melded)
Jewellery
 o - an amulet of regeneration
Wands
 g - a wand of digging (3)
 h - a wand of roots (5)
Scrolls
 c - a scroll of fog
 d - a scroll of revelation
 e - a scroll of fear
 l - a scroll of summoning {unknown}
 m - 2 scrolls of enchant weapon
 n - a scroll of amnesia {unknown}
 u - a scroll of noise {unknown}
Potions
 f - a potion of cancellation
 k - 2 potions of might
 p - 2 potions of ambrosia {unknown}
 q - a potion of degeneration {unknown}
 r - 2 potions of berserk rage {unknown}
 s - a potion of heal wounds {unknown}
 t - 2 potions of curing {unknown}


   Skills:
 + Level 5.3 Fighting
 + Level 4.1 Maces & Flails
 + Level 3.8 Armour
 - Level 1.6 Dodging
 - Level 5.5 Stealth


You had 5 spell levels left.
You didn't know any spells.
Your spell library contained the following spells:

 Spells                   Type           Power      Damage    Failure   Level
 Freeze                   Ice            0%         1d3       34%         1
 Frozen Ramparts          Ice            0%         1d1       71%         3
 Hailstorm                Conj/Ice       0%         3d3       71%         3
 Ice Form                 Ice/Tmut       0%         N/A       98%         4
 Summon Ice Beast         Ice/Summ       0%         N/A       98%         4


Dungeon Overview and Level Annotations

Branches:
Dungeon (5/15)
 Temple: D:4-7

Altars:

Shops:
D:1 =


Innate Abilities, Weirdness & Mutations

You are a tree.
Your roots penetrate the ground, keeping you stationary.
You cannot be teleported.
You are immune to unholy pain and torment.
Your maximum health is greatly increased.
Your equipment is partially melded.
You are immune to sickness and miasma.
((Your stone body is resilient. (AC +4)))
You are immune to poison.
You resist negative energy. (rN+)
((You are resistant to electric shocks. (rElec)))
You are resistant to unholy torment.
You are immune to petrification.


Message History

Really quaff the potion of lignification?
You turn into a tree.
Your +0 leather armour melds into your body.
Your roots penetrate the ground.
You hit the orc but do no damage. The orc hits you but does no damage.
The kobold hits you but does no damage.
You hit the orc.
The orc is heavily wounded.
The orc hits you with a +0 club. The kobold hits you but does no damage.
You hit the orc.
The orc is almost dead.
The orc hits you but does no damage. The kobold hits you but does no damage.
The orc hits you with a +0 club. The kobold hits you with a +0 dagger.
You barely miss the orc.
The orc is almost dead.
The orc hits you but does no damage. The kobold hits you but does no damage.
You sock the orc!
You kill the orc!
The kobold hits you but does no damage.
You hit the kobold.
You kill the kobold!
You hit the iguana but do no damage.
The iguana bites you but does no damage.
You hit the iguana but do no damage. The iguana bites you!
* * * LOW HITPOINT WARNING * * *
The iguana hisses menacingly.
The iguana bites you!
* * * LOW HITPOINT WARNING * * *
You barely miss the iguana. The iguana barely misses you.
You barely miss the iguana.
The iguana bites you but does no damage.
You closely miss the iguana.
The iguana bites you but does no damage.
You completely miss the iguana.
The iguana bites you but does no damage.
The orc priest begins to cast a cantrip, but forgets the words!
You hit the iguana.
The iguana is moderately wounded.
The iguana bites you!
You die...

#... #... #... #...
###################.#
##...##..#..#.##..##.#
#........#....#.......
#........#....#.......
##..)♣...#....#.......
##......####l######...##.....#
#.......##).o....##)..########
#........#.......#............
#........#.......##...##......
#.$.....#.......##...##.....#
#......##...................#
##......##....................
..................(...........


You could see an iguana and an orc priest.

Vanquished Creatures
  Sigmund (D:2)
  A scorpion (D:4)
  4 adders
  2 worms
  3 dart slugs (D:2)
  3 orcs
  10 ball pythons
  4 endoplasms
  5 giant cockroaches
  10 goblins
  9 hobgoblins
  2 jackals (D:1)
  5 quokkas
  6 bats
  2 frilled lizards
  7 kobolds
  3 rats (D:1)
77 creatures vanquished.

Notes
Turn   | Place    | Note
-------+----------+-------------------------------------------
     0 | D:5      | Serulin the Gargoyle Delver began the quest for the Orb.
     0 | D:5      | Reached XP level 1. HP: 14/14 MP: 1/1
   138 | D:1      | Reached XP level 2. HP: 19/19 MP: 2/2
   182 | D:1      | Reached skill level 1 in Armour
   319 | D:1      | Found Laucleara's Jewellery Emporium.
   376 | D:1      | Reached XP level 3. HP: 24/24 MP: 3/3
   743 | D:2      | Noticed Sigmund
   765 | D:2      | Killed Sigmund
   766 | D:2      | Reached XP level 4. HP: 18/30 MP: 4/4
   766 | D:2      | Reached XP level 5. HP: 21/34 MP: 5/5
   968 | D:2      | Reached XP level 6. HP: 11/40 MP: 6/6
  1293 | D:2      | Reached skill level 5 in Fighting
  2505 | D:4      | Slain by an iguana

Illustrated notes

Levels and vault maps discovered:
D:1:      shiori_arrival_oz, layout_basic, serial_shops, shop
D:2:      layout_rooms, uniq_sigmund
D:3:      layout_loops_cross, st_stairs_10
D:4:      layout_gridville
D:5:      layout_loops_cross, gammafunk_temple_overflow_forgotten

Skill      XL: |  1  2  3  4  5  6 |
---------------+-------------------+-----
Armour         | 1 3 |  3.8
Fighting       | 4 5 |  5.3
Maces & Flails | 3 4 |  4.1
Dodging        | |  1.6
Stealth        | |  5.5

Action                     |  1- 3 |  4- 6 || total
---------------------------+-------+-------++-------
  Melee: Mace              |    88 |   176 ||   264
         Punch             |       |     3 ||     3
    Use: Potion            |     1 |     1 ||     2
         Scroll            |       |     4 ||     4
   Stab: Sleeping          |    15 |       ||    15
 Armour: Leather armour    |    24 |    99 ||   123
         Skin              |       |    12 ||    12
  Dodge: Dodged            |    33 |   125 ||   158

Table legend: (Time is in decaauts)
 A = Elapsed time spent in this place.
 B = Non-inter-level travel time spent in this place.
 C = Inter-level travel time spent in this place.
 D = Time resting spent in this place.
 E = Time spent auto-exploring this place.
 F = Levels seen in this place.
 G = Mean time per level.
                   A        B        C        D        E       F      G
               +--------+--------+--------+--------+--------+-----+--------+
         Total |   2550 |   2416 |    134 |    168 |   1576 |   5 |  510.0 |
       Dungeon |   2550 |   2416 |    134 |    168 |   1576 |   5 |  510.0 |
               +--------+--------+--------+--------+--------+-----+--------+

Top non-repeatable levels by time:
     D:3: 866 daAuts
     D:2: 704 daAuts
     D:1: 648 daAuts
     D:4: 328 daAuts
     D:5: 3 daAuts
